[Event "AUT-ch U16 Boys 2022"]
[Site "Sankt Veit an der Glan"]
[Date "2022.04.10"]
[Round "1"]
[White "Borrmann, Laurenz"]
[Black "Gloessl, Sota Alexander"]
[Result "1-0"]
[ECO "B03"]
[WhiteElo "2232"]
[BlackElo "1887"]
[Annotator "RC"]
[PlyCount "49"]
[EventDate "2022.04.11"]
[EventType "swiss"]
[EventCountry "AUT"]
[SourceTitle "playchess.com"]
[Source "ChessBase"]
[SourceQuality "1"]
[TimeControl "5400+30"]

1. e4 Nf6 2. e5 Nd5 3. d4 d6 4. c4 Nb6 5. f4 dxe5 6. fxe5 Nc6 7. Be3 Bf5 8. Nc3 e6 9. Nf3 Bb4 10. Be2 Na5 11. c5 Nd5 12. Bd2 Bxc3 13. bxc3 Ne7 14. O-O h6 15. c4 Nac6 16. Be3 Qd7 17. Qb3 O-O 18. Rad1 Be4 19. Bf2 Rfd8 20. Kh1 Nf5 21. Qc3 g5 22. Nd2 Ncxd4 23. Nxe4 Nxe2 24. Qc2 Ned4 25. Rxd4 1-0

[Event "AUT-ch U16 Boys 2022"]
[Site "Sankt Veit an der Glan"]
[Date "2022.04.10"]
[Round "1"]
[White "Lerch, Johannes"]
[Black "Leitner, Thomas"]
[Result "1-0"]
[ECO "B40"]
[WhiteElo "2229"]
[BlackElo "1734"]
[Annotator "RC"]
[PlyCount "45"]
[EventDate "2022.04.11"]
[EventType "swiss"]
[EventCountry "AUT"]
[SourceTitle "playchess.com"]
[Source "ChessBase"]
[SourceQuality "1"]
[TimeControl "5400+30"]

1. e4 c5 2. Nf3 e6 3. b3 b6 4. Bb2 Bb7 5. Nc3 Nc6 6. d4 cxd4 7. Nxd4 Nxd4 8. Qxd4 Nf6 9. f3 Bc5 10. Qd2 O-O 11. e5 Nd5 12. Nxd5 Bxd5 13. O-O-O Qc7 14. Bd3 a5 15. Kb1 Rfc8 16. c4 Bc6 17. a4 Rd8 18. Bc2 Bf8 19. h4 d5 20. exd6 Rxd6 21. Qe3 Rxd1+ 22. Rxd1 Be8 23. Qe4 1-0

[Event "AUT-ch U16 Boys 2022"]
[Site "Sankt Veit an der Glan"]
[Date "2022.04.10"]
[Round "1"]
[White "Wagner, Leopold Franziskus"]
[Black "Soldo, Dario"]
[Result "1-0"]
[ECO "D02"]
[WhiteElo "2061"]
[BlackElo "1547"]
[Annotator "NA RC"]
[PlyCount "117"]
[EventDate "2022.04.11"]
[EventType "swiss"]
[EventCountry "AUT"]
[SourceTitle "playchess.com"]
[Source "ChessBase"]
[SourceQuality "1"]
[TimeControl "5400+30"]

1. d4 Nf6 2. Nf3 c5 3. c3 e6 4. g3 d5 5. Bg2 Nc6 6. O-O Be7 7. e3 O-O 8. Nbd2 c4 9. Re1 b5 10. e4 Re8 11. Qc2 h6 12. e5 Nd7 13. g4 Nf8 14. Nf1 Nh7 15. Be3 Ng5 16. N3d2 f5 17. gxf5 exf5 18. a4 b4 19. Bxg5 Bxg5 20. Nxc4 Be6 21. Nd6 Rf8 22. Nb7 Qe7 23. Nc5 f4 24. Qg6 Nd8 25. Nxe6 Nxe6 26. Bxd5 Rae8 27. Qxe6+ Qxe6 28. Bxe6+ Rxe6 29. f3 Bh4 30. Re2 bxc3 31. bxc3 Rc6 32. Rc2 Rd8 33. Rac1 Be7 34. Nd2 Ba3 35. Ra1 Bb4 36. Nb3 Rxc3 37. Rxc3 Bxc3 38. Rd1 Kf7 39. Kf1 Ke6 40. Ke2 Bb4 41. Kd3 Rc8 42. Rc1 Rxc1 43. Nxc1 Kd5 44. h4 g5 45. hxg5 hxg5 46. Na2 Be1 47. Nc3+ Ke6 48. Ne4 Kf5 49. Nf6 Bb4 50. Kc4 Be7 51. Ng4 Ke6 52. d5+ Kd7 53. d6 Bd8 54. Kd5 Bb6 55. e6+ Ke8 56. Nf6+ Kf8 57. e7+ Kf7 58. e8=Q+ Kxf6 59. d7 1-0

[Event "AUT-ch U16 Boys 2022"]
[Site "Sankt Veit an der Glan"]
[Date "2022.04.10"]
[Round "1"]
[White "Miazhynski, Michael"]
[Black "Schilcher, Elias"]
[Result "1-0"]
[ECO "C54"]
[WhiteElo "2047"]
[BlackElo "1445"]
[Annotator "NA RC"]
[PlyCount "71"]
[EventDate "2022.04.11"]
[EventType "swiss"]
[EventCountry "AUT"]
[SourceTitle "playchess.com"]
[Source "ChessBase"]
[SourceQuality "1"]
[TimeControl "5400+30"]

1. e4 e5 2. Nf3 Nc6 3. Bc4 Bc5 4. c3 Nf6 5. d3 h6 6. O-O d6 7. Nbd2 Bg4 8. Re1 Qd7 9. Bb3 a6 10. Nf1 O-O-O 11. Ba4 Rhf8 12. b4 Ba7 13. b5 Bxf3 14. bxc6 Qxc6 15. gxf3 Qxc3 16. Rb1 Bd4 17. Qb3 b5 18. Bb2 Qxb3 19. Bxb3 Bxb2 20. Rxb2 Nh5 21. Ne3 Nf4 22. Rd2 g6 23. Nd5 Nxd5 24. exd5 g5 25. d4 f6 26. a4 Kd7 27. Bc2 Rb8 28. axb5 axb5 29. Bf5+ Kd8 30. Rb1 b4 31. Rdb2 Rb5 32. Rxb4 Rxd5 33. Rc4 c5 34. Ra4 Kc7 35. Ra7+ Kc6 36. Bd7# 1-0

[Event "AUT-ch U16 Boys 2022"]
[Site "Sankt Veit an der Glan"]
[Date "2022.04.10"]
[Round "1"]
[White "Hersel, Richard"]
[Black "Marakovits, Nico"]
[Result "0-1"]
[ECO "A03"]
[WhiteElo "1832"]
[BlackElo "2249"]
[Annotator "RC"]
[PlyCount "116"]
[EventDate "2022.04.11"]
[EventType "swiss"]
[EventCountry "AUT"]
[SourceTitle "playchess.com"]
[Source "ChessBase"]
[SourceQuality "1"]
[TimeControl "5400+30"]

1. f4 d5 2. e3 g6 3. Nf3 Bg7 4. d4 Nf6 5. Bd3 Bf5 6. Bxf5 gxf5 7. Qd3 Qc8 8. O-O O-O 9. Bd2 Ne4 10. c3 c5 11. Be1 e6 12. Bh4 Qc7 13. Nfd2 Nc6 14. Nxe4 fxe4 15. Qe2 f5 16. Kh1 Rac8 17. Nd2 cxd4 18. exd4 Kh8 19. Rf2 Bh6 20. Raf1 Ne7 21. Bxe7 Qxe7 22. Nb3 Rg8 23. Nc5 b6 24. Nb3 Qh4 25. Qe3 Rg4 26. g3 Qh3 27. Rg2 Bf8 28. Rff2 Bd6 29. Nc1 Qh6 30. Qe1 Rcg8 31. Ne2 Qg7 32. Qd1 Qd7 33. Qb3 Qc6 34. Rg1 b5 35. a3 a5 36. Ra1 Rb8 37. Qd1 Rg7 38. b4 Ra7 39. Qb3 axb4 40. cxb4 Qc4 41. Qb2 Qd3 42. Nc1 Qd1+ 43. Kg2 Qg4 44. Nb3 Qg7 45. Nc5 Bxc5 46. dxc5 d4 47. Rd2 Rd8 48. Rad1 d3 49. Qxg7+ Kxg7 50. c6 Rxa3 51. Kf2 Rc3 52. Ra1 Rxc6 53. g4 Rc2 54. Ke3 Rdc8 55. gxf5 exf5 56. Ra5 Rxd2 57. Kxd2 Rc2+ 58. Kd1 e3 0-1

[Event "AUT-ch U16 Boys 2022"]
[Site "Sankt Veit an der Glan"]
[Date "2022.04.10"]
[Round "1"]
[White "Stadlinger, Lukas"]
[Black "Gschiel, Alexander"]
[Result "0-1"]
[ECO "A03"]
[WhiteElo "1718"]
[BlackElo "2109"]
[Annotator "NA RC"]
[PlyCount "44"]
[EventDate "2022.04.11"]
[EventType "swiss"]
[EventCountry "AUT"]
[SourceTitle "playchess.com"]
[Source "ChessBase"]
[SourceQuality "1"]
[TimeControl "5400+30"]

1. b3 d5 2. Bb2 Nf6 3. e3 e6 4. f4 b6 5. Nf3 Bb7 6. Be2 Bd6 7. O-O O-O 8. d3 c5 9. Ne5 Nfd7 10. Nd2 Qc7 11. Ndf3 f6 12. Nxd7 Nxd7 13. d4 Rae8 14. Qd2 Re7 15. g3 e5 16. Rf2 cxd4 17. fxe5 dxe3 18. Qxe3 fxe5 19. Qg5 Qxc2 20. Bc1 Qc3 21. Rb1 h6 22. Qh4 Qb4 0-1

[Event "AUT-ch U16 Boys 2022"]
[Site "Sankt Veit an der Glan"]
[Date "2022.04.10"]
[Round "1"]
[White "Giselbrecht, Jerrik"]
[Black "Hofstadler, Mario"]
[Result "0-1"]
[ECO "B13"]
[WhiteElo "1707"]
[BlackElo "2090"]
[Annotator "NA RC"]
[PlyCount "40"]
[EventDate "2022.04.11"]
[EventType "swiss"]
[EventCountry "AUT"]
[SourceTitle "playchess.com"]
[Source "ChessBase"]
[SourceQuality "1"]
[TimeControl "5400+30"]

1. e4 c6 2. d4 d5 3. exd5 cxd5 4. Bd3 Nc6 5. c3 Nf6 6. Bf4 Bg4 7. Qb3 Qc8 8. Nd2 e6 9. Ngf3 Be7 10. O-O O-O 11. Rfe1 Bh5 12. h3 Re8 13. Re3 Bg6 14. Bxg6 hxg6 15. Bh2 a6 16. a4 Nd7 17. Ne1 Na5 18. Qc2 Bg5 19. f4 Bf6 20. Nd3 Bxd4 0-1

[Event "AUT-ch U16 Boys 2022"]
[Site "Sankt Veit an der Glan"]
[Date "2022.04.10"]
[Round "1"]
[White "Elsaesser, Daniel"]
[Black "Kienboeck, Benjamin"]
[Result "0-1"]
[ECO "B11"]
[WhiteElo "1571"]
[BlackElo "1900"]
[Annotator "NA RC"]
[PlyCount "80"]
[EventDate "2022.04.11"]
[EventType "swiss"]
[EventCountry "AUT"]
[SourceTitle "playchess.com"]
[Source "ChessBase"]
[SourceQuality "1"]
[TimeControl "5400+30"]

1. e4 c6 2. Nc3 d5 3. Nf3 dxe4 4. Nxe4 Nf6 5. Qe2 Nxe4 6. Qxe4 Be6 7. Bc4 Bd5 8. Qe2 e6 9. Bxd5 cxd5 10. d4 Bd6 11. O-O O-O 12. c3 Nc6 13. Ng5 h6 14. Nh3 Qc7 15. f4 Rab8 16. Rf3 b5 17. b4 a5 18. a3 axb4 19. axb4 Bxb4 20. Bd2 Bd6 21. Rg3 Ne7 22. Rb1 Nf5 23. Rd3 b4 24. cxb4 Qa7 25. Bc3 Rfc8 26. Qd2 Rc4 27. g4 Ne7 28. Kg2 Qc7 29. Kf3 Ng6 30. Rb2 Nxf4 31. Nxf4 Bxf4 32. Qxf4 Rxc3 33. Qxc7 Rxc7 34. Ke3 Rb5 35. Kf4 Rc4 36. Ke5 Rbxb4 37. Ra2 Rb1 38. Kd6 Rf1 39. Ra8+ Kh7 40. Re8 Rf4 0-1

[Event "AUT-ch U16 Boys 2022"]
[Site "Sankt Veit an der Glan"]
[Date "2022.04.10"]
[Round "1"]
[White "Weixler, Moritz"]
[Black "Wendl, Philipp"]
[Result "0-1"]
[ECO "C25"]
[WhiteElo "1190"]
[BlackElo "2000"]
[Annotator "NA RC"]
[PlyCount "34"]
[EventDate "2022.04.11"]
[EventType "swiss"]
[EventCountry "AUT"]
[SourceTitle "playchess.com"]
[Source "ChessBase"]
[SourceQuality "1"]
[TimeControl "5400+30"]

1. e4 e5 2. Nc3 Nc6 3. Bc4 Bc5 4. Qg4 g6 5. Qf3 Nf6 6. Nge2 O-O 7. d3 Kg7 8. g4 Nxg4 9. Qxg4 d5 10. Qg3 dxc4 11. dxc4 f5 12. f4 Nb4 13. Kf1 Nxc2 14. Rb1 fxe4 15. Nxe4 Qd1+ 16. Kg2 Qxe2+ 17. Nf2 Bxf2 0-1

[Event "AUT-ch U16 Boys 2022"]
[Site "Sankt Veit an der Glan"]
[Date "2022.04.10"]
[Round "2"]
[White "Marakovits, Nico"]
[Black "Miazhynski, Michael"]
[Result "1-0"]
[ECO "A58"]
[WhiteElo "2249"]
[BlackElo "2047"]
[Annotator "RC"]
[PlyCount "83"]
[EventDate "2022.04.11"]
[EventType "swiss"]
[EventCountry "AUT"]
[SourceTitle "playchess.com"]
[Source "ChessBase"]
[SourceQuality "1"]
[TimeControl "5400+30"]

1. d4 Nf6 2. c4 c5 3. d5 b5 4. cxb5 a6 5. bxa6 g6 6. Nc3 Bg7 7. e4 O-O 8. a7 Rxa7 9. Nf3 d6 10. Bd2 Ba6 11. a4 Bxf1 12. Kxf1 Rb7 13. Qc2 Na6 14. Nb5 Qd7 15. h3 Rfb8 16. Bc3 Nc7 17. Nxc7 Qxc7 18. Nd2 e6 19. Qd3 exd5 20. exd5 Nd7 21. Nc4 Ne5 22. Nxe5 dxe5 23. Qc4 Qd6 24. g3 f5 25. Kg2 e4 26. Rhe1 Rd8 27. Rad1 Ra8 28. Ra1 h6 29. Re2 Kh7 30. Ra3 Rd8 31. Rd2 Rdb8 32. a5 Ra8 33. a6 Rba7 34. Bxg7 Kxg7 35. Ra5 Rxa6 36. Rxc5 R8a7 37. Qc3+ Kf7 38. Rc6 Qe7 39. Qc4 Rxc6 40. dxc6+ Qe6 41. Qxe6+ Kxe6 42. b4 1-0

[Event "AUT-ch U16 Boys 2022"]
[Site "Sankt Veit an der Glan"]
[Date "2022.04.10"]
[Round "2"]
[White "Gschiel, Alexander"]
[Black "Hengl, Philip"]
[Result "0-1"]
[ECO "E11"]
[WhiteElo "2109"]
[BlackElo "1973"]
[Annotator "NA RC"]
[PlyCount "76"]
[EventDate "2022.04.11"]
[EventType "swiss"]
[EventCountry "AUT"]
[SourceTitle "playchess.com"]
[Source "ChessBase"]
[SourceQuality "1"]
[TimeControl "5400+30"]

1. d4 d5 2. c4 e6 3. Nf3 Nf6 4. g3 Bb4+ 5. Bd2 Be7 6. Bg2 O-O 7. O-O Nbd7 8. b3 Ne4 9. Nc3 Nxd2 10. Nxd2 c6 11. Qc2 f5 12. e3 g5 13. h3 Nf6 14. Nf3 h6 15. g4 Kg7 16. Ne5 Nd7 17. Ne2 Nxe5 18. dxe5 f4 19. Nd4 Bd7 20. cxd5 cxd5 21. e4 Qb6 22. Rad1 Bc5 23. Nf5+ exf5 24. Rxd5 Bc6 25. Rxc5 fxe4 26. Qc3 f3 27. e6+ Kg6 28. Bh1 Rae8 29. Qe5 Re7 30. h4 Qc7 31. Qd4 Qf4 32. Re1 Qxg4+ 33. Kh2 Qxh4+ 34. Kg1 Rf4 35. Bxf3 exf3 36. Qd3+ Be4 37. Rxe4 Qg4+ 38. Kf1 Rxe4 0-1

[Event "AUT-ch U16 Boys 2022"]
[Site "Sankt Veit an der Glan"]
[Date "2022.04.10"]
[Round "2"]
[White "Hofstadler, Mario"]
[Black "Zaytsev, Alexander"]
[Result "1-0"]
[ECO "E01"]
[WhiteElo "2090"]
[BlackElo "1837"]
[Annotator "NA RC"]
[PlyCount "241"]
[EventDate "2022.04.11"]
[EventType "swiss"]
[EventCountry "AUT"]
[SourceTitle "playchess.com"]
[Source "ChessBase"]
[SourceQuality "1"]
[TimeControl "5400+30"]

1. d4 d5 2. c4 c6 3. Nf3 Nf6 4. Nc3 e6 5. g3 dxc4 6. a4 Nbd7 7. Bg2 Bb4 8. O-O O-O 9. Qc2 Qe7 10. Na2 Bd6 11. Qxc4 e5 12. Qc2 exd4 13. Nxd4 Nb6 14. Nc3 Bc5 15. Nf5 Bxf5 16. Qxf5 h6 17. a5 Nbd5 18. Nxd5 Nxd5 19. Be4 Nf6 20. Bd3 Bd6 21. a6 b6 22. Ra4 Qe5 23. Qf3 Qd5 24. Qxd5 Nxd5 25. Rd1 Be5 26. Be4 Rad8 27. Rc4 Rc8 28. Bxd5 cxd5 29. Rxc8 Rxc8 30. Be3 Bxb2 31. Rxd5 Rc7 32. Rd8+ Kh7 33. Bf4 Re7 34. Kf1 Ba3 35. Rb8 Kg6 36. Rb7 Re6 37. Rxa7 b5 38. Be3 Rc6 39. Ra8 Bc5 40. Bxc5 Rxc5 41. Rb8 Rc1+ 42. Kg2 Ra1 43. Rb6+ Kh7 44. Rb7 Kg6 45. Rb6+ Kh7 46. Kf3 b4 47. Ke3 b3 48. h4 b2 49. Rxb2 Rxa6 50. h5 g6 51. hxg6+ Kxg6 52. Kf4 Rf6+ 53. Ke3 Ra6 54. Rb4 Ra3+ 55. Kf4 Ra2 56. Re4 Rb2 57. f3 Ra2 58. g4 Rb2 59. Re5 Rb4+ 60. e4 Ra4 61. Re8 Rb4 62. Ra8 Rc4 63. Rb8 Ra4 64. Kg3 Ra6 65. Rg8+ Kh7 66. Rc8 Kg6 67. Kf4 Ra4 68. Rd8 Rb4 69. Ke5 Rb5+ 70. Kf4 Rb4 71. Rd6+ Kg7 72. Kf5 Rb5+ 73. e5 Rb3 74. Kf4 Rb4+ 75. Kf5 Rb3 76. f4 Rb5 77. Ke4 Rb4+ 78. Kf5 Rb5 79. Ke4 Rb4+ 80. Rd4 Rb6 81. Rd5 Rb4+ 82. Kf5 Rb6 83. Rd6 Rb4 84. e6 Rb5+ 85. Ke4 Rb4+ 86. Kf3 Rb3+ 87. Kf2 Rb2+ 88. Kg3 Rb3+ 89. Kh4 fxe6 90. Rxe6 Rb1 91. Kg3 Rb3+ 92. Kf2 Ra3 93. Re3 Ra4 94. Kf3 Kf6 95. Rd3 Rb4 96. Rd6+ Kg7 97. Ke3 Ra4 98. Rd4 Ra3+ 99. Ke4 Ra5 100. Rd5 Ra6 101. Ke5 Ra4 102. Rd7+ Kg8 103. Kf5 Ra5+ 104. Ke6 Ra4 105. f5 Rxg4 106. Rd8+ Kh7 107. f6 Re4+ 108. Kf5 Re1 109. f7 Rf1+ 110. Ke6 Re1+ 111. Kd6 Rd1+ 112. Kc7 Rc1+ 113. Kb6 Rb1+ 114. Kc5 Rc1+ 115. Kb4 Rb1+ 116. Kc3 Rc1+ 117. Kb2 Rf1 118. f8=Q Rxf8 119. Rxf8 h5 120. Kc2 Kg6 121. Kd2 1-0

[Event "AUT-ch U16 Boys 2022"]
[Site "Sankt Veit an der Glan"]
[Date "2022.04.10"]
[Round "2"]
[White "Wendl, Philipp"]
[Black "Lerch, Johannes"]
[Result "1/2-1/2"]
[ECO "C54"]
[WhiteElo "2000"]
[BlackElo "2229"]
[Annotator "RC"]
[PlyCount "76"]
[EventDate "2022.04.11"]
[EventType "swiss"]
[EventCountry "AUT"]
[SourceTitle "playchess.com"]
[Source "ChessBase"]
[SourceQuality "1"]
[TimeControl "5400+30"]

1. e4 e5 2. Nf3 Nc6 3. Bc4 Bc5 4. c3 Nf6 5. d4 exd4 6. e5 d5 7. Bb5 Ne4 8. cxd4 Bb6 9. Nc3 O-O 10. Be3 Bd7 11. Bd3 Bg4 12. Qb3 Nxc3 13. bxc3 Ne7 14. Qc2 h6 15. h3 Be6 16. Nh4 f6 17. Bh7+ Kh8 18. f4 fxe5 19. fxe5 Ba5 20. Bd3 c5 21. Ke2 cxd4 22. Bxd4 Rc8 23. Qb2 Qc7 24. Rhf1 Kg8 25. Rxf8+ Rxf8 26. Qc2 a6 27. Bh7+ Kh8 28. Bd3 Qc8 29. Rc1 Qe8 30. Bg6 Qc8 31. Bd3 Qc6 32. Qb2 Kg8 33. Qc2 Bc7 34. Bh7+ Kh8 35. Bd3 Kg8 36. Bh7+ Kh8 37. Bd3 Qe8 38. g4 Qc6 1/2-1/2

[Event "AUT-ch U16 Boys 2022"]
[Site "Sankt Veit an der Glan"]
[Date "2022.04.10"]
[Round "2"]
[White "Kuti, Oliver"]
[Black "Wagner, Leopold Franziskus"]
[Result "1/2-1/2"]
[ECO "B11"]
[WhiteElo "1970"]
[BlackElo "2061"]
[Annotator "NA RC"]
[PlyCount "115"]
[EventDate "2022.04.11"]
[EventType "swiss"]
[EventCountry "AUT"]
[SourceTitle "playchess.com"]
[Source "ChessBase"]
[SourceQuality "1"]
[TimeControl "5400+30"]

1. e4 c6 2. Nc3 d5 3. Nf3 dxe4 4. Nxe4 Nf6 5. Qe2 Nxe4 6. Qxe4 Nd7 7. Bc4 Nf6 8. Ne5 e6 9. Qe2 b5 10. Bb3 Qc7 11. O-O Bd6 12. d4 O-O 13. Bf4 a6 14. Rad1 Bb7 15. Rfe1 c5 16. dxc5 Qxc5 17. Nd7 Nxd7 18. Bxd6 Qc6 19. Qg4 Rfe8 20. Qg3 Rad8 21. Bb4 Nf8 22. Bc3 Ng6 23. Rxd8 Rxd8 24. h4 b4 25. Be5 Nxe5 26. Rxe5 h6 27. Re3 Rd1+ 28. Kh2 Rd4 29. Kg1 h5 30. Ba4 Qd5 31. Re5 Qd6 32. Rxh5 Qxg3 33. fxg3 f5 34. Bb3 Kf7 35. Rxf5+ Ke7 36. Rf2 g6 37. Re2 Bc8 38. Kf2 Kf6 39. c3 bxc3 40. bxc3 Rd3 41. c4 e5 42. c5 Bg4 43. Rc2 e4 44. Rc1 e3+ 45. Ke1 Ke5 46. Bd1 Bxd1 47. Rxd1 Rc3 48. Rd6 Rxc5 49. Rxg6 Rc2 50. Rxa6 Rxg2 51. h5 Rxg3 52. h6 Rh3 53. Ke2 Ke4 54. Ra4+ Ke5 55. Rc4 Rxh6 56. Kxe3 Kd5 57. Rc2 Rc6 58. Kd3 1/2-1/2

[Event "AUT-ch U16 Boys 2022"]
[Site "Sankt Veit an der Glan"]
[Date "2022.04.10"]
[Round "2"]
[White "Kienboeck, Benjamin"]
[Black "Borrmann, Laurenz"]
[Result "1/2-1/2"]
[ECO "C70"]
[WhiteElo "1900"]
[BlackElo "2232"]
[Annotator "RC"]
[PlyCount "92"]
[EventDate "2022.04.11"]
[EventType "swiss"]
[EventCountry "AUT"]
[SourceTitle "playchess.com"]
[Source "ChessBase"]
[SourceQuality "1"]
[TimeControl "5400+30"]

1. e4 e5 2. Nf3 Nc6 3. Bb5 a6 4. Ba4 g6 5. d4 exd4 6. Nxd4 Bg7 7. Nxc6 bxc6 8. O-O Ne7 9. Nc3 O-O 10. Bg5 h6 11. Be3 d6 12. Qd2 Kh7 13. Rad1 Bb7 14. Bb3 c5 15. f4 Nc6 16. Bd5 Rb8 17. e5 Qc8 18. Ne4 Nb4 19. Bxb7 Qxb7 20. Nf6+ Bxf6 21. exf6 Qe4 22. f5 Qxc2 23. Qe1 Rbe8 24. Qg3 Qe4 25. Bc1 Nxa2 26. Rde1 Qd4+ 27. Be3 Qxf6 28. fxg6+ Qxg6 29. Qh3 Nb4 30. Bxh6 Qxh6 31. Rxe8 Qxh3 32. Rxf8 Qe3+ 33. Kh1 Qe5 34. R8xf7+ Kg6 35. R7f3 Qxb2 36. Rg3+ Kh5 37. Rh3+ Kg4 38. Rg3+ Kh4 39. Rh3+ Kg4 40. Rg3+ Kh5 41. Rh3+ Kg5 42. Rg3+ Kh6 43. Rh3+ Kg6 44. Rg3+ Kh6 45. Rh3+ Kg7 46. Rg3+ Kh6 1/2-1/2

[Event "AUT-ch U16 Boys 2022"]
[Site "Sankt Veit an der Glan"]
[Date "2022.04.10"]
[Round "2"]
[White "Gloessl, Sota Alexander"]
[Black "Elsaesser, Daniel"]
[Result "1/2-1/2"]
[ECO "B23"]
[WhiteElo "1887"]
[BlackElo "1571"]
[Annotator "NA RC"]
[PlyCount "97"]
[EventDate "2022.04.11"]
[EventType "swiss"]
[EventCountry "AUT"]
[SourceTitle "playchess.com"]
[Source "ChessBase"]
[SourceQuality "1"]
[TimeControl "5400+30"]

1. e4 c5 2. Nc3 g6 3. h4 h5 4. Bc4 Nc6 5. d3 Nf6 6. Bg5 Bg7 7. Qd2 a6 8. Nf3 b5 9. Bb3 Ng4 10. a4 b4 11. Nd1 Qc7 12. Rb1 Bb7 13. Bf4 Nge5 14. Nxe5 Bxe5 15. Bxe5 Nxe5 16. Ne3 e6 17. c3 c4 18. Nxc4 Nxc4 19. Bxc4 Bxe4 20. dxe4 Qxc4 21. Qd4 Qxd4 22. cxd4 Ke7 23. Kd2 Rhc8 24. Rbc1 d6 25. f3 Rab8 26. g4 Kd7 27. gxh5 gxh5 28. Rxc8 Rxc8 29. Rg1 Ke7 30. Rg5 b3 31. Rxh5 Rc2+ 32. Kd3 Rxb2 33. Kc3 Rf2 34. Kxb3 Rxf3+ 35. Kc4 Rf4 36. Kd3 f5 37. exf5 exf5 38. Kc4 a5 39. Kd5 Rg4 40. Rh6 f4 41. Re6+ Kf7 42. Re4 Rxh4 43. Kxd6 Kf6 44. d5 Kf5 45. Rc4 Rh6+ 46. Kc7 Ke5 47. Rc5 Rd6 48. Rxa5 Rxd5 49. Rxd5+ 1/2-1/2

[Event "AUT-ch U16 Boys 2022"]
[Site "Sankt Veit an der Glan"]
[Date "2022.04.10"]
[Round "2"]
[White "Leitner, Thomas"]
[Black "Weixler, Moritz"]
[Result "0-1"]
[ECO "A85"]
[WhiteElo "1734"]
[BlackElo "1190"]
[Annotator "NA RC"]
[PlyCount "68"]
[EventDate "2022.04.11"]
[EventType "swiss"]
[EventCountry "AUT"]
[SourceTitle "playchess.com"]
[Source "ChessBase"]
[SourceQuality "1"]
[TimeControl "5400+30"]

1. d4 f5 2. c4 Nf6 3. Nc3 g6 4. h4 h6 5. Nf3 d6 6. Qc2 Bg7 7. e3 O-O 8. Bd2 Qe8 9. Bd3 e5 10. dxe5 dxe5 11. Nh2 Be6 12. O-O-O Na6 13. a3 Nc5 14. Be2 a6 15. f3 b5 16. Na2 Nb7 17. Kb1 Qf7 18. Nb4 bxc4 19. Rc1 Na5 20. Rcf1 c5 21. Na2 Nb3 22. Nc3 Rab8 23. e4 Qd7 24. Be3 Nd4 25. Qc1 Rb7 26. Bd1 Rfb8 27. Na4 Qc6 28. Re1 fxe4 29. fxe4 Nxe4 30. g4 Nb3 31. Bxb3 Rxb3 32. Bxh6 Qxa4 33. Bxg7 Rxa3 34. Rxe4 Ra1# 0-1

[Event "AUT-ch U16 Boys 2022"]
[Site "Sankt Veit an der Glan"]
[Date "2022.04.10"]
[Round "2"]
[White "Schilcher, Elias"]
[Black "Hersel, Richard"]
[Result "0-1"]
[ECO "E61"]
[WhiteElo "1445"]
[BlackElo "1832"]
[Annotator "NA RC"]
[PlyCount "56"]
[EventDate "2022.04.11"]
[EventType "swiss"]
[EventCountry "AUT"]
[SourceTitle "playchess.com"]
[Source "ChessBase"]
[SourceQuality "1"]
[TimeControl "5400+30"]

1. d4 Nf6 2. Nf3 g6 3. Bf4 Bg7 4. e3 O-O 5. c4 d6 6. Nc3 Nh5 7. Bg5 Qe8 8. Nd5 f6 9. Nxc7 Qd8 10. Nxa8 fxg5 11. Qb3 Nc6 12. c5+ d5 13. Rd1 Bg4 14. Qxb7 Qxa8 15. Qb3 e6 16. Be2 Rb8 17. Qc3 Qb7 18. Nxg5 Bxe2 19. Kxe2 e5 20. dxe5 Nxe5 21. Qd2 Qa6+ 22. Ke1 d4 23. b3 Re8 24. Qe2 Qb7 25. f4 d3 26. Qf2 Ng4 27. Qh4 Qxg2 28. Nh3 Qe2# 0-1

[Event "AUT-ch U16 Boys 2022"]
[Site "Sankt Veit an der Glan"]
[Date "2022.04.11"]
[Round "3"]
[White "Borrmann, Laurenz"]
[Black "Hofstadler, Mario"]
[Result "1/2-1/2"]
[ECO "B15"]
[WhiteElo "2232"]
[BlackElo "2090"]
[Annotator "RC"]
[PlyCount "61"]
[EventDate "2022.04.11"]
[EventType "swiss"]
[EventCountry "AUT"]
[SourceTitle "playchess.com"]
[Source "ChessBase"]
[SourceQuality "1"]
[TimeControl "5400+30"]

1. e4 c6 2. d4 d5 3. Nd2 dxe4 4. Nxe4 Nf6 5. Nxf6+ exf6 6. c3 Bd6 7. Bd3 O-O 8. Qc2 Re8+ 9. Ne2 h5 10. Be3 Nd7 11. a3 Nf8 12. O-O-O Be6 13. c4 Rc8 14. Nc3 a6 15. Kb1 g6 16. c5 Bb8 17. Be4 f5 18. d5 cxd5 19. Bxd5 Qe7 20. Bd4 Red8 21. Rhe1 Rd7 22. f3 Rcd8 23. Bg1 Qf6 24. c6 bxc6 25. Bxc6 Rxd1+ 26. Rxd1 Rxd1+ 27. Qxd1 Be5 28. Qd2 Ba2+ 29. Kxa2 Qxc6 30. Qd3 Ne6 31. Nd5 1/2-1/2

[Event "AUT-ch U16 Boys 2022"]
[Site "Sankt Veit an der Glan"]
[Date "2022.04.11"]
[Round "3"]
[White "Lerch, Johannes"]
[Black "Kienboeck, Benjamin"]
[Result "1-0"]
[ECO "B10"]
[WhiteElo "2229"]
[BlackElo "1900"]
[Annotator "RC"]
[PlyCount "87"]
[EventDate "2022.04.11"]
[EventType "swiss"]
[EventCountry "AUT"]
[SourceTitle "playchess.com"]
[Source "ChessBase"]
[SourceQuality "1"]
[TimeControl "5400+30"]

1. e4 c6 2. Nf3 d5 3. d3 dxe4 4. dxe4 Qxd1+ 5. Kxd1 Bg4 6. Be2 Nd7 7. Nfd2 Bxe2+ 8. Kxe2 e5 9. a4 a5 10. Nc4 f6 11. Rd1 Nc5 12. f3 Nh6 13. Be3 Nf7 14. Nbd2 Ra6 15. Ra2 Nd7 16. Nb3 b6 17. Raa1 g6 18. Rd3 c5 19. Rad1 Nb8 20. Na3 Ra7 21. Nb5 Rb7 22. Nd2 Nc6 23. c3 Na7 24. Nxa7 Rxa7 25. Nc4 Rb7 26. Bf2 Be7 27. g3 O-O 28. Rd7 Rfb8 29. f4 exf4 30. gxf4 Kf8 31. Bg3 b5 32. axb5 Rxd7 33. Rxd7 Rxb5 34. e5 fxe5 35. fxe5 h5 36. Ra7 Nh6 37. e6 Nf5 38. Be5 Bg5 39. Kd3 h4 40. Kc2 h3 41. Nd6 Nxd6 42. Bxd6+ Kg8 43. Ra8+ Kg7 44. Be5+ 1-0

[Event "AUT-ch U16 Boys 2022"]
[Site "Sankt Veit an der Glan"]
[Date "2022.04.11"]
[Round "3"]
[White "Wagner, Leopold Franziskus"]
[Black "Wendl, Philipp"]
[Result "1/2-1/2"]
[ECO "D02"]
[WhiteElo "2061"]
[BlackElo "2000"]
[Annotator "NA RC"]
[PlyCount "117"]
[EventDate "2022.04.11"]
[EventType "swiss"]
[EventCountry "AUT"]
[SourceTitle "playchess.com"]
[Source "ChessBase"]
[SourceQuality "1"]
[TimeControl "5400+30"]

1. d4 Nf6 2. Nf3 d5 3. Bf4 c5 4. e3 Nc6 5. Nbd2 e6 6. c3 cxd4 7. exd4 Nh5 8. Bg3 Nxg3 9. hxg3 h6 10. Bd3 Be7 11. Rc1 Bf6 12. Qe2 Qb6 13. Nb3 a5 14. Nc5 Qc7 15. Bb5 b6 16. Nd3 Bd7 17. O-O O-O 18. Rfe1 Rae8 19. Qd1 Na7 20. Bxd7 Qxd7 21. Nfe5 Qd8 22. f4 Nb5 23. Nf2 Nd6 24. Qd3 Qc7 25. g4 Bd8 26. Qf3 Kh7 27. g5 hxg5 28. Qh5+ Kg8 29. fxg5 g6 30. Qg4 Qe7 31. Qh3 Kg7 32. Qh6+ Kg8 33. Qh3 Kg7 34. Qh6+ Kg8 35. Qh2 Kg7 36. Nc6 Qc7 37. Nxd8 Qxd8 38. Qh6+ Kg8 39. Ng4 Nf5 40. Nf6+ Qxf6 41. Qxf8+ Rxf8 42. gxf6 Nd6 43. g4 g5 44. Re5 Ne4 45. Re1 Nxf6 46. Rxg5+ Kh7 47. Rf1 Kh6 48. Re5 Kg6 49. g5 Nh7 50. Rf2 Re8 51. Rg2 Rh8 52. Rh2 Re8 53. Rg2 Rh8 54. a3 Nf8 55. Re3 Rh5 56. b3 b5 57. Rf3 Nh7 58. Rfg3 Nxg5 59. Rh2 1/2-1/2